TOP OF THE 1ST |
Baffin Island Beavers batting - Pitching for Beech Mountain Mountaineers : LHP Simon Martel
|
Pitching: LHP Simon Martel
|
|
Batting: LHB Chris Bates
|
0-0: Ball 1-0: Called Strike 1-1: Called Strike 1-2: Ball 2-2: Ball 3-2: SOLO HOME RUN (Flyball, 9D), Distance : 367 ft
|
Batting: LHB Javier Orozco
|
0-0: Swinging Strike 0-1: Foul Ball, location: 2F 0-2: Strikes out looking
|
Batting: RHB Dave Craig
|
0-0: Ball 1-0: DOUBLE (Flyball, 78XD)
|
Batting: RHB Tony Morton
|
0-0: Ball 1-0: Ball 2-0: Foul Ball, location: 2F 2-1: Foul Ball, location: 2F 2-2: Ball 3-2: Ground out U3 (Groundball, 34) Dave Craig to third
|
Batting: RHB José Aguilera
|
0-0: Ball 1-0: Foul Ball, location: 2F 1-1: Ball 2-1: Ball 3-1: Fly out, F7 (Flyball, 7D)
|
Top of the 1st over - 1 run(s), 2 hit(s), 0 error(s), 1 left on base; Baffin Island 1 - Beech Mountain 0 |
BOTTOM OF THE 1ST |
Beech Mountain Mountaineers batting - Pitching for Baffin Island Beavers : RHP Luis Vargas
|
Pitching: RHP Luis Vargas
|
|
Batting: SHB Félix Montoya
|
0-0: Called Strike 0-1: Foul Ball, location: 2F 0-2: Strikes out swinging
|
Batting: SHB Miguel González
|
0-0: Ball 1-0: Ground out U3 (Groundball, 34)
|
Batting: LHB Robert Phillips
|
0-0: Swinging Strike 0-1: Ball 1-1: Ball 2-1: SINGLE (Groundball, 3D)
|
Batting: SHB Juan Castro
|
0-0: Ball 1-0: Swinging Strike 1-1: Ball 2-1: DOUBLE (Line Drive, 9LD) Robert Phillips to third
|
Batting: SHB Tony López
|
0-0: 3-RUN HOME RUN (Flyball, 7D), Distance : 377 ft
|
Batting: RHB John Anderson
|
0-0: Ball 1-0: Fly out, F9 (Flyball, 9LD)
|
Bottom of the 1st over - 3 run(s), 3 hit(s), 0 error(s), 0 left on base; Baffin Island 1 - Beech Mountain 3 |
TOP OF THE 2ND |
Baffin Island Beavers batting - Pitching for Beech Mountain Mountaineers : LHP Simon Martel
|
Batting: LHB Keng-chi Lao
|
0-0: Called Strike 0-1: SOLO HOME RUN (Flyball, 8RXD), Distance : 426 ft
|
Batting: SHB Ron Edwards
|
0-0: Ball 1-0: SINGLE (Groundball, 34D)
|
Batting: LHB Mike MacFadden
|
0-0: Ball 1-0: Swinging Strike 1-1: Called Strike 1-2: Grounds into double play, 4-6-3 (Groundball, 4)
|
Batting: RHB Ángelo García
|
0-0: Swinging Strike 0-1: TRIPLE (Flyball, 78M)
|
Batting: LHB Chris Bates
|
0-0: Ground out 6-3 (Groundball, 6)
|
Top of the 2nd over - 1 run(s), 3 hit(s), 0 error(s), 1 left on base; Baffin Island 2 - Beech Mountain 3 |
BOTTOM OF THE 2ND |
Beech Mountain Mountaineers batting - Pitching for Baffin Island Beavers : RHP Luis Vargas
|
Batting: SHB Rick Turner
|
0-0: Ball 1-0: Ball 2-0: Ball 3-0: Called Strike 3-1: Base on Balls
|
Batting: LHB Pedro Gonzáles
|
0-0: Ball 1-0: Fly out, F4 (Popup, 4D)
|
Batting: RHB Jesús Cruz
|
0-0: Ball 1-0: Ball 2-0: Foul Ball, location: 2F 2-1: Foul Ball, location: 2F 2-2: Ball 3-2: Foul Ball, location: 2F 3-2: Fly out, F8 (Flyball, 8RM)
|
Batting: SHB Félix Montoya
|
0-0: Called Strike 0-1: Ball 1-1: Ball 2-1: Foul Ball, location: 2F 2-2: Strikes out swinging
|
Bottom of the 2nd over - 0 run(s), 0 hit(s), 0 error(s), 1 left on base; Baffin Island 2 - Beech Mountain 3 |
TOP OF THE 3RD |
Baffin Island Beavers batting - Pitching for Beech Mountain Mountaineers : LHP Simon Martel
|
Batting: LHB Javier Orozco
|
0-0: Foul Ball, location: 2F 0-1: Ground out 4-3 (Groundball, 4)
|
Batting: RHB Dave Craig
|
0-0: Ball 1-0: Foul Ball, location: 2F 1-1: SOLO HOME RUN (Flyball, 7D), Distance : 389 ft
|
Batting: RHB Tony Morton
|
0-0: Foul Ball, location: 2F 0-1: Ball 1-1: Foul Ball, location: 2F 1-2: Ground out 6-3 (Groundball, 6)
|
Batting: RHB José Aguilera
|
0-0: Ground out U3 (Groundball, 34S)
|
Top of the 3rd over - 1 run(s), 1 hit(s), 0 error(s), 0 left on base; Baffin Island 3 - Beech Mountain 3 |
BOTTOM OF THE 3RD |
Beech Mountain Mountaineers batting - Pitching for Baffin Island Beavers : RHP Luis Vargas
|
Batting: SHB Miguel González
|
0-0: Foul Ball, location: 2F 0-1: Swinging Strike 0-2: Ball 1-2: Foul Ball, location: 2F 1-2: Strikes out looking
|
Batting: LHB Robert Phillips
|
0-0: Ball 1-0: Ball 2-0: SINGLE (Groundball, 6MD)
|
Batting: SHB Juan Castro
|
0-0: Ball 1-0: Called Strike 1-1: Ball 2-1: Foul Ball, location: 2F 2-2: Fly out, F9 (Line Drive, 89M)
|
Batting: SHB Tony López
|
0-0: Foul Ball, location: 2F 0-1: Ball 1-1: Called Strike 1-2: Ball 2-2: Foul Ball, location: 2F 2-2: Ground out 3-1 (Groundball, 34S)
|
Bottom of the 3rd over - 0 run(s), 1 hit(s), 0 error(s), 1 left on base; Baffin Island 3 - Beech Mountain 3 |
TOP OF THE 4TH |
Baffin Island Beavers batting - Pitching for Beech Mountain Mountaineers : LHP Simon Martel
|
Batting: LHB Keng-chi Lao
|
0-0: Ball 1-0: Called Strike 1-1: Called Strike 1-2: Ground out 4-3 (Groundball, 34D)
|
Batting: SHB Ron Edwards
|
0-0: Ball 1-0: Ball 2-0: Called Strike 2-1: Foul Ball, location: 2F 2-2: DOUBLE (Line Drive, 8LXD)
|
Batting: LHB Mike MacFadden
|
0-0: Ball 1-0: Foul Ball, location: 2F 1-1: Foul Ball, location: 2F 1-2: Foul Ball, location: 2F 1-2: Ground out U3 (Groundball, 34) Ron Edwards to third
|
Batting: RHB Ángelo García
|
0-0: Called Strike 0-1: DOUBLE (Line Drive, 7LM) Ron Edwards scores
|
Batting: LHB Chris Bates
|
0-0: Ball 1-0: Ball 2-0: Foul Ball, location: 2F 2-1: Called Strike 2-2: Foul Ball, location: 2F 2-2: Fly out, F7 (Flyball, 78M)
|
Top of the 4th over - 1 run(s), 2 hit(s), 0 error(s), 1 left on base; Baffin Island 4 - Beech Mountain 3 |
BOTTOM OF THE 4TH |
Beech Mountain Mountaineers batting - Pitching for Baffin Island Beavers : RHP Luis Vargas
|
Batting: RHB John Anderson
|
0-0: SINGLE (Groundball, 56D)
|
Batting: SHB Rick Turner
|
0-0: Swinging Strike 0-1: Ball 1-1: Ball 2-1: Ball 3-1: Foul Ball, location: 2F 3-2: Foul Ball, location: 2F 3-2: SINGLE (Groundball, 6) (infield hit) John Anderson to second
|
Batting: LHB Pedro Gonzáles
|
0-0: Ball 1-0: Fly out, F8 (Flyball, 8LD) Runner from 2nd tags up, SAFE at 3rd, no throw
|
Batting: RHB Jesús Cruz
|
0-0: Ball 1-0: Called Strike 1-1: Grounds into double play, 6-4-3 (Groundball, 6)
|
Bottom of the 4th over - 0 run(s), 2 hit(s), 0 error(s), 1 left on base; Baffin Island 4 - Beech Mountain 3 |
TOP OF THE 5TH |
Baffin Island Beavers batting - Pitching for Beech Mountain Mountaineers : LHP Simon Martel
|
Batting: LHB Javier Orozco
|
0-0: Ball 1-0: Ball 2-0: SINGLE (Groundball, 4MD)
|
Batting: RHB Dave Craig
|
0-0: Ball 1-0: Grounds into double play, 6-4-3 (Groundball, 56)
|
Batting: RHB Tony Morton
|
0-0: Ground out 4-3 (Groundball, 4)
|
Top of the 5th over - 0 run(s), 1 hit(s), 0 error(s), 0 left on base; Baffin Island 4 - Beech Mountain 3 |
BOTTOM OF THE 5TH |
Beech Mountain Mountaineers batting - Pitching for Baffin Island Beavers : RHP Luis Vargas
|
Batting: SHB Félix Montoya
|
0-0: Ball 1-0: Ball 2-0: Swinging Strike 2-1: Ball 3-1: Foul Ball, location: 2F 3-2: Strikes out looking
|
Batting: SHB Miguel González
|
0-0: Called Strike 0-1: Swinging Strike 0-2: Strikes out swinging
|
Batting: LHB Robert Phillips
|
0-0: Foul Ball, location: 2F 0-1: Called Strike 0-2: SINGLE (Groundball, 6D)
|
Batting: SHB Juan Castro
|
0-0: Called Strike 0-1: Ball 1-1: Ball 2-1: Foul Ball, location: 2F 2-2: Foul Ball, location: 2F 2-2: Strikes out looking
|
Bottom of the 5th over - 0 run(s), 1 hit(s), 0 error(s), 1 left on base; Baffin Island 4 - Beech Mountain 3 |
TOP OF THE 6TH |
Baffin Island Beavers batting - Pitching for Beech Mountain Mountaineers : LHP Simon Martel
|
Batting: RHB José Aguilera
|
0-0: Ball 1-0: Ball 2-0: Called Strike 2-1: Foul Ball, location: 2F 2-2: Ball 3-2: Foul Ball, location: 2F 3-2: Ground out 4-3 (Groundball, 34)
|
Batting: LHB Keng-chi Lao
|
0-0: Called Strike 0-1: Foul Ball, location: 2F 0-2: Ball 1-2: Ground out 4-3 (Groundball, 4)
|
Batting: SHB Ron Edwards
|
0-0: Ball 1-0: Foul Ball, location: 2F 1-1: Fly out, F2 (Popup, 3S)
|
Top of the 6th over - 0 run(s), 0 hit(s), 0 error(s), 0 left on base; Baffin Island 4 - Beech Mountain 3 |
BOTTOM OF THE 6TH |
Beech Mountain Mountaineers batting - Pitching for Baffin Island Beavers : RHP Luis Vargas
|
Batting: SHB Tony López
|
0-0: SINGLE (Groundball, 6MD)
|
Pitching: RHP Colm Stewart
|
|
Batting: RHB John Anderson
|
0-0: Ball 1-0: SINGLE (Groundball, 4MD) Tony López to second Runner from 2nd tries for 3rd, SAFE, no throw
|
Batting: SHB Rick Turner
|
0-0: DOUBLE (Line Drive, 78D) Tony López scores John Anderson to third
|
Batting: LHB Pedro Gonzáles
|
0-0: Intentional Walk
|
Batting: RHB Jesús Cruz
|
0-0: Fly out, F9 (Flyball, 9LSF) Runner from 3rd tags up, SCORES, no throw
|
Batting: SHB Félix Montoya
|
0-0: Fly out, F8 (Flyball, 8LXD) Runner from 2nd tags up, SAFE at 3rd, no throw
|
Now in CF: Norberto Muńóz
|
|
Batting: SHB Miguel González
|
0-0: Foul Ball, location: 2F 0-1: Called Strike 0-2: Ball 1-2: Foul Ball, location: 2F 1-2: Ball 2-2: Foul Ball, location: 2F 2-2: Foul Ball, location: 2F 2-2: Ball 3-2: DOUBLE (Line Drive, 5D) Rick Turner scores Pedro Gonzáles to third Pedro Gonzáles scores
|
Pitching: RHP John Dickson
|
|
Batting: LHB Robert Phillips
|
0-0: Ball 1-0: Called Strike 1-1: Called Strike 1-2: Hit by Pitch
|
Batting: SHB Juan Castro
|
0-0: Called Strike 0-1: Ball 1-1: SINGLE (Groundball, 6MD) Miguel González to third Robert Phillips to second Runner from 3rd tries for Home, SAFE, throw made home Robert Phillips to third Juan Castro to second
|
Batting: SHB Tony López
|
0-0: Called Strike 0-1: SINGLE (Line Drive, 6MD) Robert Phillips scores Juan Castro to third Runner from 3rd tries for Home, SAFE, no throw
|
Batting: RHB John Anderson
|
0-0: Ball 1-0: Called Strike 1-1: Foul Ball, location: 2F 1-2: Strikes out swinging
|
Bottom of the 6th over - 7 run(s), 6 hit(s), 0 error(s), 1 left on base; Baffin Island 4 - Beech Mountain 10 |
TOP OF THE 7TH |
Baffin Island Beavers batting - Pitching for Beech Mountain Mountaineers : LHP Simon Martel
|
Pitching: RHP Ignacio Morales
|
|
Batting: LHB Mike MacFadden
|
0-0: Called Strike 0-1: Ground out 4-3 (Groundball, 4)
|
Batting: RHB Ángelo García
|
0-0: Ball 1-0: Called Strike 1-1: Ball 2-1: SINGLE (Line Drive, 8RS)
|
Batting: LHB Chris Bates
|
0-0: Ball 1-0: Ground out U3 (Groundball, 3L) Ángelo García to second
|
Batting: LHB Javier Orozco
|
0-0: Ball 1-0: Foul Ball, location: 2F 1-1: Foul Ball, location: 2F 1-2: Strikes out swinging
|
Top of the 7th over - 0 run(s), 1 hit(s), 0 error(s), 1 left on base; Baffin Island 4 - Beech Mountain 10 |
BOTTOM OF THE 7TH |
Beech Mountain Mountaineers batting - Pitching for Baffin Island Beavers : RHP John Dickson
|
Batting: SHB Rick Turner
|
0-0: Called Strike 0-1: Ball 1-1: Ball 2-1: SINGLE (Line Drive, 78S)
|
Batting: LHB Pedro Gonzáles
|
0-0: Called Strike 0-1: Ball 1-1: Ball 2-1: Swinging Strike 2-2: SINGLE (Groundball, 34D) Rick Turner to second Runner from 2nd tries for 3rd, SAFE, throw made to third Pedro Gonzáles to second
|
Batting: RHB Jesús Cruz
|
0-0: Ground out 4-3 (Groundball, 4) Rick Turner scores Pedro Gonzáles to third
|
Batting: SHB Félix Montoya
|
0-0: Ball 1-0: Called Strike 1-1: Called Strike 1-2: Foul Ball, location: 2F 1-2: Ball 2-2: Ground out 1-3 (Groundball, 13)
|
Batting: SHB Miguel González
|
0-0: Ball 1-0: Ball 2-0: Foul Ball, location: 2F 2-1: Called Strike 2-2: Strikes out looking
|
Bottom of the 7th over - 1 run(s), 2 hit(s), 0 error(s), 1 left on base; Baffin Island 4 - Beech Mountain 11 |
TOP OF THE 8TH |
Baffin Island Beavers batting - Pitching for Beech Mountain Mountaineers : RHP Ignacio Morales
|
Batting: RHB Dave Craig
|
0-0: Ball 1-0: SINGLE (Groundball, 6MD)
|
Batting: LHB Norberto Muńóz
|
0-0: Ball 1-0: Ball 2-0: Ball 3-0: Called Strike 3-1: Base on Balls Dave Craig to second
|
Batting: RHB José Aguilera
|
0-0: Called Strike 0-1: Foul Ball, location: 2F 0-2: Ball 1-2: Ball 2-2: Ball 3-2: Grounds into double play, 4-6-3 (Groundball, 4) Dave Craig to third
|
Batting: LHB Keng-chi Lao
|
0-0: Swinging Strike 0-1: Ball 1-1: SINGLE (Line Drive, 8RS) Dave Craig scores
|
Batting: SHB Ron Edwards
|
0-0: Ball 1-0: SINGLE (Flyball, 8LS) Keng-chi Lao to second Runner from 2nd tries for 3rd, SAFE, throw made to third
|
Batting: LHB Mike MacFadden
|
0-0: Called Strike 0-1: Ball 1-1: Single, Error in OF, E8, batter to second base Keng-chi Lao scores Ron Edwards to third
|
Pitching: RHP Steve Griffin
|
|
Batting: RHB Ángelo García
|
0-0: Called Strike 0-1: Fly out, F9 (Line Drive, 9)
|
Top of the 8th over - 2 run(s), 4 hit(s), 1 error(s), 2 left on base; Baffin Island 6 - Beech Mountain 11 |
BOTTOM OF THE 8TH |
Beech Mountain Mountaineers batting - Pitching for Baffin Island Beavers : RHP John Dickson
|
Pitching: LHP Jaime Guzmán
|
|
Batting: LHB Robert Phillips
|
0-0: Ball 1-0: Ball 2-0: Fly out, F4 (Popup, 4S)
|
Batting: SHB Juan Castro
|
0-0: Called Strike 0-1: Ball 1-1: Ground out 6-3 (Groundball, 6)
|
Batting: SHB Tony López
|
0-0: Called Strike 0-1: Ground out 6-3 (Groundball, 6)
|
Bottom of the 8th over - 0 run(s), 0 hit(s), 0 error(s), 0 left on base; Baffin Island 6 - Beech Mountain 11 |
TOP OF THE 9TH |
Baffin Island Beavers batting - Pitching for Beech Mountain Mountaineers : RHP Steve Griffin
|
Now in RF: Tommy Payne
|
|
Batting: LHB Chris Bates
|
0-0: Ball 1-0: Foul Ball, location: 2F 1-1: Swinging Strike 1-2: Fly out, F9 (Flyball, 89S)
|
Batting: LHB Javier Orozco
|
0-0: Ball 1-0: Called Strike 1-1: Ball 2-1: Called Strike 2-2: Ball 3-2: Ground out 3-1 (Groundball, 34)
|
Batting: RHB Dave Craig
|
0-0: Called Strike 0-1: Swinging Strike 0-2: Foul Ball, location: 2F 0-2: Foul Ball, location: 2F 0-2: Foul Ball, location: 2F 0-2: Ball 1-2: Ball 2-2: SOLO HOME RUN (Flyball, 7D), Distance : 391 ft
|
Batting: LHB Norberto Muńóz
|
0-0: Ground out 4-3 (Groundball, 4S)
|
Top of the 9th over - 1 run(s), 1 hit(s), 0 error(s), 0 left on base; Baffin Island 7 - Beech Mountain 11 |
|